 Dungeon Crawl Stone Soup version 0.22-a0-377-g846bec1 (webtiles) character file.

28 Gorice the Magician (level 2, 0/15 HPs)
             Began as a Deep Elf Fire Elementalist on Apr 27, 2018.
             Slain by a scorpion (1 damage)
             ... on level 2 of the Dungeon.
             The game lasted 00:05:21 (1182 turns).

Gorice the Magician (Deep Elf Fire Elementalist)    Turns: 1182, Time: 00:05:23

Health: 0/15       AC:  2    Str: 10    XL:     2   Next: 96%
Magic:  5/8        EV: 13    Int: 19    God:
Gold:   89         SH:  0    Dex: 15    Spells: 5/8 levels left

rFire    . . .     SeeInvis .   (no weapon)
rCold    . . .     Gourm    .   (no shield)
rNeg     . . .     Faith    .   a - +0 robe
rPois    .         Spirit   .   (no helmet)
rElec    .         Reflect  .   (no cloak)
rCorr    .         Harm     .   (no gloves)
MR       .....                  (no boots)
Stlth    ++........             (no amulet)
HPRegen  0.05/turn              (no ring)
MPRegen  0.11/turn              (no ring)

@: mighty, lethally poisoned (0 -> -8)
A: no striking features
a: no special abilities


You were on level 2 of the Dungeon.
You were not hungry.

You visited 1 branch of the dungeon, and saw 2 of its levels.

You collected 89 gold pieces.

Inventory:

Hand Weapons
 f - a cursed -3 dagger
 g - a +0 whip
Missiles
 i - 15 sling bullets
Armour
 a - a +0 robe (worn)
Scrolls
 b - a scroll of amnesia
Potions
 e - 2 potions of invisibility {!q}
Comestibles
 c - 3 rations


   Skills:
 - Level 2.4 Dodging
 - Level 2.4 Stealth
 + Level 3.7 Spellcasting
 * Level 2.7 Conjurations
 - Level 3.2 Fire Magic


You had 5 spell levels left.
You knew the following spells:

 Your Spells              Type           Power        Failure   Level  Hunger
a - Flame Tongue          Conj/Fire      ##...        4%          1    None
b - Throw Flame           Conj/Fire      ##....       6%          2    ##.....


Dungeon Overview and Level Annotations

Branches:
Dungeon (2/15)

Altars:


Message History

You kill the jackal!
You see here a jackal corpse.
You butcher the jackal corpse.
d - a chunk of flesh You see here a jackal skeleton.
Eating a chunk of flesh.
You eat the chunk of flesh.
This raw flesh tastes terrible.
There is a stone staircase leading down here.
You see here a hand axe.
Magic restored.
HP restored.
There is a stone staircase leading down here.
You climb downwards.
The scorpion completely misses you.
There is a stone staircase leading up here.
Casting: Flame Tongue (safe; 4% risk of failure)
Confirm with . or Enter, or press ? or * to list all spells.
Aiming: Flame Tongue (safe; 4% risk of failure)
Press: ? - help, Shift-Dir - straight line, f - scorpion
Aim: a scorpion The flame tongue hits the scorpion.
The scorpion is heavily wounded.
The scorpion stings you.
Damage: 1 (max 1)
Casting: Flame Tongue (safe; 4% risk of failure)
Confirm with . or Enter, or press ? or * to list all spells.
Aiming: Flame Tongue (safe; 4% risk of failure)
Press: ? - help, Shift-Dir - straight line, f/p - scorpion
Aim: a scorpion (moderately wounded)
The flame tongue hits the scorpion.
The scorpion is severely wounded.
The scorpion stings you.
Damage: 2 (max 2)
Casting: Flame Tongue (safe; 4% risk of failure)
Confirm with . or Enter, or press ? or * to list all spells.
Aiming: Flame Tongue (safe; 4% risk of failure)
Press: ? - help, Shift-Dir - straight line, f/p - scorpion
Aim: a scorpion (severely wounded)
The flame tongue hits the scorpion.
The scorpion is severely wounded.
The scorpion stings you!
Ouch! That really hurt!
* * * LOW HITPOINT WARNING * * *
You are lethally poisoned!
The scorpion poisons you!
Damage: 10 (max 10) It was a potion of might.
You feel very mighty all of a sudden.
* * * LOW HITPOINT WARNING * * *
You feel sick. The scorpion stings you.
You die...

#.......# #.# #......)#
####.####### #.......+
...........### #.......###
#.........# ##.........#
#..)..#.#.#
...........####.###.#.#.#
........s...........#.#.#
..........####....#.#.#.#####
.....##'#.# #..@s..#.#....<#
.....##.#.# #..#####.#######
.....##.#.# #......#.#
.....##.#.# ##.###.#
..(..##.#.#####...#.#
.....##.#.........#.#
.....##.###########.#
#######.............#
###############


You could see a scorpion.

Vanquished Creatures
  2 dart slugs (D:1)
  A leopard gecko (D:1)
  4 bats (D:1)
  A giant cockroach (D:1)
  3 goblins
  2 hobgoblins (D:1)
  A jackal (D:1)
  A kobold (D:1)
  2 frilled lizards (D:1)
  6 rats
23 creatures vanquished.

Notes
Turn   | Place    | Note
-------+----------+-------------------------------------------
     0 | D:1      | Gorice the Deep Elf Fire Elementalist began the quest for the Orb.
     0 | D:1      | Reached XP level 1. HP: 10/10 MP: 6/6
   369 | D:1      | Reached skill level 2 in Conjurations
   369 | D:1      | Reached XP level 2. HP: 13/15 MP: 6/8
  1083 | D:2      | Noticed a scorpion
  1106 | D:1      | Learned a level 2 spell: Throw Flame
  1181 | D:2      | HP: 2/15 [scorpion (10)]
  1182 | D:2      | Slain by a scorpion

Vault maps used:
D:1:      minmay_arrival_wavy_path
D:2:      first_ration, mrwooster_statue_mirror

Skill      XL: |  1 |
---------------+----+-----
Conjurations   | 2 |  2.7
Dodging        | |  2.4
Stealth        | |  2.4
Spellcasting   | |  3.7
Fire Magic     | |  3.2

Action                   || total
-------------------------++-------
 Cast: Flame Tongue      ||    49
  Use: Scroll            ||     3
       Potion            ||     1
  Eat: Chunk             ||     1
Armor: Robe              ||     2
Dodge: Dodged            ||    10

Table legend:
 A = Spawn XP
 B = Non-spawn XP
 C = Spawn XP percentage of total XP
 D = Spawn monster count
 E = Non-spawn monster count
 F = Spawn count percentage of total count
 G = Total turns spent on level
                    A         B        C        D         E        F      G
               +---------+---------+-------+---------+---------+-------+---------
         Total |       0 |      40 |   0.0 |       0 |      23 |   0.0 |  1182
               +---------+---------+-------+---------+---------+-------+---------
           D:1 |       0 |      37 |   0.0 |       0 |      21 |   0.0 |  1049
           D:2 |       0 |       3 |   0.0 |       0 |       2 |   0.0 |   133
               +---------+---------+-------+---------+---------+-------+---------

Table legend:
 A = Turns spent in this place as a percentage of turns spent in the entire game.
 B = Non-inter-level travel turns spent in this place as a percentage of non-inter-level travel turns spent in the entire game.
 C = Inter-level travel turns spent in this place as a percentage of turns spent in this place.
 D = Turns resting spent in this place as a percentage of non-inter-level travel turns spent in this place.
 E = Turns spent auto-exploring this place as a percentage of non-inter-level travel turns spent in this place.
 F = Non-inter-level travel turns spent in this place divided by the number of levels of this place that you've seen.
                   A       B       C       D       E      F
               +-------+-------+-------+-------+-------+----------------------
         Total | 100.0 | 100.0 |   6.6 |  26.6 |  48.9 | 552.0
       Dungeon | 100.0 | 100.0 |   6.6 |  26.6 |  48.9 | 552.0
               +-------+-------+-------+-------+-------+----------------------

Vault maps used:
D:1:      minmay_arrival_wavy_path
D:2:      first_ration, mrwooster_statue_mirror
